Map: Kairos Junction LE

Players

TiPtOP - Winner!

  • Race: Terran Terran
  • League: Silver
  • Spawn Location: 5:00

Gengar

  • Race: Zerg Zerg
  • League: Silver
  • Spawn Location: 11:00

VOD

Have the link to the VOD?

Description

Time

  • Played on: May 13, 2019, 12:35 a.m.
  • Length: 9:16
Show
View Real Time Build Order
Export as new Build Order

TiPtOP Terran - Winner!

Build Orders:  

Get SALT Encoding   

  12  0:01  SCV  
  13  0:13  SCV  
  14  0:20  Supply Depot  
  14  0:25  SCV  
  15  0:41  SCV  
  16  0:47  Barracks  
  16  0:54  SCV  
  17  1:06  Refinery, SCV  
  18  1:22  SCV  
  18  1:24  Barracks  
  19  1:43  Supply Depot  
  19  1:46  SCV  
  20  2:08  Barracks Reactor  
  20  2:11  Command Center  
  20  2:13  Barracks Tech Lab  
  20  2:18  SCV  
  21  2:34  Marine  
  22  2:38  SCV  
  22  2:46  Marine x2  
  22  2:50  SCV  
  25  3:02  Barracks  
  25  3:04  Marine x3  
  28  3:09  Stimpack  
  28  3:10  Orbital Command  
  28  3:23  SCV  
  29  3:35  SCV  
  29  3:36  Supply Depot  
  29  3:39  Marine  
  29  3:40  Marine x2  
  33  3:45  SCV  
  33  3:47  SCV  
  35  3:52  Barracks Reactor  
  35  3:57  Marine x2  
  35  3:58  Marine  
  38  4:04  SCV x2  
  38  4:08  Supply Depot  
  40  4:18  Marine x3  
  40  4:21  SCV x2  
  45  4:27  Refinery  
  45  4:31  Supply Depot  
  45  4:32  Marine x2  
  45  4:33  SCV  
  48  4:45  SCV  
  49  4:46  Factory  
  49  4:48  Marine x3  
  49  4:51  Marine x2  
  54  4:54  Supply Depot  
  54  5:06  Marine x2  
  54  5:07  Marine  
  56  5:09  Combat Shield, Marine  
  58  5:21  Marine  
  58  5:24  Marine x2  
  61  5:29  Factory Reactor  
  61  5:35  Starport  
  61  5:37  Marine x2  
  61  5:39  Marine  
  61  5:42  Marine x2  
  67  5:44  Orbital Command  
  67  5:46  SCV  
  67  5:55  Marine x2  
  69  5:58  SCV  
  69  6:00  Marine x3  
  73  6:09  Engineering Bay  
  73  6:12  Marine  
  74  6:23  Factory Tech Lab  
  74  6:29  Supply Depot  
  74  6:39  Medivac x2  
  78  6:46  Terran Infantry Weapons Level 1  
  78  6:50  Siege Tank  
  78  6:52  Supply Depot  
  81  6:58  Marine x2  
  81  6:59  Marine  
  81  7:00  Marine  
  85  7:04  Marine  
  86  7:16  Marine, Barracks  
  86  7:19  Medivac  
  92  7:22  Siege Tank  
  92  7:28  Supply Depot  
  92  7:52  Supply Depot  
  92  8:03  Marine x4  
  97  8:07  Barracks Reactor  
  97  8:10  Barracks Reactor  
  97  8:11  SCV  
  97  8:14  Supply Depot  
  97  8:15  SCV  
  97  8:18  Refinery  
  98  8:23  SCV  
  99  8:27  SCV  
  100  8:36  Supply Depot  
  99  8:56  Marine  
  99  8:57  Marine x6  
  99  8:59  Supply Depot  
Show
View Real Time Build Order
Export as new Build Order

Gengar Zerg 

Build Orders: Hatch First 

Get SALT Encoding   

  12  0:02  Drone  
  13  0:08  Drone  
  14  0:19  Overlord  
  14  0:43  Hatchery  
  13  0:50  Drone  
  13  0:51  Drone  
  13  0:55  Extractor  
  14  1:10  Spawning Pool  
  13  1:12  Drone  
  13  1:15  Drone  
  15  1:20  Drone  
  15  1:25  Drone  
  17  1:34  Drone  
  18  1:48  Drone  
  19  1:57  Queen  
  19  1:58  Queen  
  23  2:05  Metabolic Boost  
  23  2:09  Drone  
  23  2:14  Overlord  
  24  2:19  Zergling x2  
  24  2:20  Drone  
  26  2:41  Drone x2  
  26  2:42  Drone x4  
  32  2:51  Queen  
  32  2:53  Drone  
  32  2:56  Drone  
  36  3:15  Overlord  
  36  3:22  Roach Warren  
  36  3:25  Overlord  
  35  3:27  Drone  
  35  3:33  Queen  
  39  3:51  Lair  
  39  3:53  Drone x4  
  39  3:54  Drone x5  
  46  4:00  Drone x3  
  46  4:02  Hatchery  
  48  4:08  Drone x2  
  50  4:25  Drone  
  51  4:34  Overlord  
  51  4:37  Overlord  
  51  4:57  Drone x3  
  51  4:58  Drone x9  
  63  5:07  Extractor  
  63  5:10  Spore Crawler  
  63  5:12  Spore Crawler  
  60  5:14  Spore Crawler  
  60  5:15  Extractor  
  60  5:17  Extractor  
  60  5:19  Spore Crawler  
  56  5:22  Spore Crawler  
  55  5:29  Drone x5  
  55  5:30  Drone  
  55  5:32  Queen  
  55  5:34  Drone  
  55  5:35  Drone x3  
  67  5:38  Queen  
  69  5:44  Overseer  
  69  5:50  Roach x2  
  69  5:53  Overlord x2  
  73  5:57  Overseer  
  73  6:16  Overseer, Extractor  
  72  6:18  Extractor  
  71  6:29  Glial Reconstitution  
  71  6:31  Evolution Chamber  
  70  6:33  Evolution Chamber  
  70  6:37  Spine Crawler  
  68  6:40  Spine Crawler  
  68  6:41  Drone  
  68  6:42  Drone x9, Spore Crawler  
  68  6:43  Drone x7  
  83  6:59  Overlord x2  
  83  7:08  Infestation Pit  
  83  7:11  Overlord x2, Baneling Nest  
  83  7:13  Zerg Missile Weapons Level 1  
  83  7:14  Zerg Melee Weapons Level 1  
  81  7:16  Zergling x16  
  89  7:29  Overlord x2  
  89  7:51  Infestor x4  
  89  7:52  Infestor x3  
  103  8:05  Zergling x14  
  110  8:18  Spine Crawler  
  109  8:22  Spine Crawler  
  109  8:26  Spine Crawler  
  107  8:31  Baneling  
  107  8:32  Baneling x8  
  107  8:33  Baneling x5  
Tags
 
Add a new tag
Caveats
  • Supply blocks, unpowered buildings, or Contaminate may cause inaccurate times.
  • Supply counts are checked every 10 seconds.